Ice Dragons vs Punishers

Created - February 22, 2021 at 19:34

Goals
1 2 3 T
Ice Dragons 1 0 0 1
Punishers 1 1 1 3
Shots
1 2 3 T
Ice Dragons 12 10 12 34
Punishers 14 10 18 42

1st period

1. Ice Dragons , Brandon Kozun 28 (Corban Knight 54, Emil Pettersson 30) at 16:42
2. Punishers , Corey Tropp 19 (Noah Juulsen 8, Fredrik Claesson 21) at 18:39

Penalties :
Anton Blidh (Pro) for Interference (Minor) at 9:18, Austen Brassard (Pro) for Holding (Minor) at 19:13

2nd period

3. Punishers , Austen Brassard 16 (Andreas Athanasiou 22, John Quenneville 9) at 6:20

Penalties :
Austen Brassard (Pro) for Hooking (Minor) at 11:30

3rd period

4. Punishers , Austen Brassard 17 (Andreas Athanasiou 23, Adam Pelech 33) at 12:34

Penalties :
Sam Carrick (Kin) for Tripping (Minor) at 6:42

Goalie Stats

Chet Pickard (Kin), 39 saves from 42 shots - (0.929), L, 21-16-2, 60:00 minutes
Louis Domingue (Pro), 33 saves from 34 shots - (0.971), W, 25-12-0, 60:00 minutes

Players Stats for Ice Dragons

Player Name              G  A  P  +/- PIM S  H  SB GA TA FO     MP     PP MP  PK MP  
------------------------------------------------------------------------------------
Alex Plante              0  0  0   0  0   0  3  2  0  0  0/0    20:20   2:31   1:07 
Billy Sweat              0  0  0   0  0   1  4  0  1  1  0/0    21:05   3:00   0:42 
Brandon Kozun            1  0  1   0  0   4  4  3  0  0  2/3    20:23   3:00   0:00 
Chris Wagner             0  0  0   0  0   3  0  1  0  0  0/0    11:24   0:00   0:00 
Corban Knight            0  1  1   0  0   5  2  1  1  0  17/32  21:04   3:00   0:41 
Emil Pettersson          0  1  1   0  0   1  1  1  0  0  1/5    12:12   0:00   0:42 
Jerome Gauthier-Leduc    0  0  0   0  0   0  0  1  0  0  0/0    13:11   0:00   0:00 
Juho Lammikko            0  0  0  -1  0   1  2  0  0  0  0/0     9:55   0:00   0:00 
Justin Shugg             0  0  0  -1  0   2  0  0  0  0  0/0    16:13   2:57   0:00 
Kevin Connauton          0  0  0  -2  0   3  2  2  0  1  0/0    26:29   3:26   0:52 
Logan MacMillan          0  0  0  -1  0   2  0  0  0  0  0/0    16:37   2:57   0:24 
Luca Sbisa               0  0  0   0  0   1  1  2  2  0  0/0    20:20   2:31   1:07 
Phil Di Giuseppe         0  0  0  -1  0   0  0  0  1  0  0/0    10:01   0:00   0:00 
Robin Norell             0  0  0   0  0   0  0  1  0  0  0/0    13:11   0:00   0:00 
Sam Carrick              0  0  0  -1  2   4  0  1  1  1  9/15   16:12   2:57   0:00 
Theodor Blueger          0  0  0  -1  0   1  0  0  0  1  1/2    10:31   0:00   0:36 
William Carrier          0  0  0   0  0   1  1  0  0  0  0/0    12:23   0:00   0:53 
Zach Trotman             0  0  0  -2  0   5  1  5  0  0  0/0    26:29   3:26   0:52 

Players Stats for Punishers

Player Name              G  A  P  +/- PIM S  H  SB GA TA FO     MP     PP MP  PK MP  
------------------------------------------------------------------------------------
Adam Pelech              0  1  1   2  0   1  0  2  0  1  0/0    22:35   1:00   3:53 
Alex Schoenborn          0  0  0   0  0   1  0  1  0  0  0/0     8:53   0:00   0:00 
Andreas Athanasiou       0  2  2   2  0   8  3  1  1  2  2/2    21:06   0:32   2:15 
Anton Blidh              0  0  0   0  2   1  1  0  0  0  0/0     8:57   0:00   0:00 
Austen Brassard          2  0  2   2  4   4  2  2  0  0  0/1    18:59   0:48   0:00 
Ben Betker               0  0  0   0  0   0  0  0  0  0  0/0     1:05   0:00   0:00 
Brett Kulak              0  0  0   2  0   2  1  1  0  0  0/0    19:54   0:59   2:04 
Carter Ashton            0  0  0   0  0   1  2  0  0  1  0/1    13:39   0:00   1:38 
Connor Clifton           0  0  0   0  0   0  0  0  0  0  0/0     0:00   0:00   0:00 
Corey Tropp              1  0  1   0  0   4  1  3  0  1  2/5    17:03   1:01   3:25 
Daniel Audette           0  0  0   0  0   0  0  0  0  0  0/0     0:00   0:00   0:00 
Elias Lindholm           0  0  0   2  0   4  0  0  0  0  12/28  18:22   0:39   0:00 
Fredrik Claesson         0  1  1   1  0   1  1  2  0  0  0/0    11:26   0:00   0:00 
John Quenneville         0  1  1   0  0   1  0  1  0  0  3/6    11:56   0:00   0:00 
Joseph Cramarossa        0  0  0   0  0   0  0  0  0  0  0/0     0:26   0:00   0:17 
Madison Bowey            0  0  0  -1  0   1  0  1  0  1  0/0    21:12   0:00   2:04 
Michael Joly             0  0  0   0  0   0  0  0  0  0  0/0     0:25   0:00   0:00 
Nicolas Roy              0  0  0   0  0   0  0  0  0  0  0/0     0:00   0:00   0:00 
Nikita Gusev             0  0  0   0  0   1  1  0  0  0  0/0    11:56   0:00   0:00 
Niko Mikkola             0  0  0   0  0   0  0  0  0  0  0/0     3:53   0:00   0:00 
Noah Juulsen             0  1  1   1  0   1  0  2  0  0  0/0    13:23   0:59   0:00 
Radek Faksa              0  0  0   0  0   2  2  1  0  0  7/12   15:23   0:58   0:54 
Samuel Morin             0  0  0  -1  0   5  3  1  0  0  0/0    26:32   1:00   3:53 
Tyler Bertuzzi           0  0  0   0  0   3  0  0  1  0  1/1    17:01   0:58   3:25 
Zack Hamill              0  0  0   0  0   1  0  0  2  0  0/1     9:54   1:01   0:00 

3 Stars

1 - Louis Domingue (Pro)
2 - Austen Brassard (Pro)
3 - Andreas Athanasiou (Pro)

Power Play

Ice Dragons - 0 on 3 Attempt(s) - 0.00%
Punishers - 0 on 1 Attempt(s) - 0.00%

Penalty Kill

Ice Dragons - 1 on 1 Attempt(s) - 100.00% - Score 0 goal in Penalty Kill
Punishers - 3 on 3 Attempt(s) - 100.00% - Score 0 goal in Penalty Kill

Team Stat

Ice Dragons - Hits : 21 - Faceoff Wins : 30 - Blocked Shots : 20 - Penalty Minutes : 2
Punishers - Hits : 17 - Faceoff Wins : 27 - Blocked Shots : 18 - Penalty Minutes : 6

Official

Referees : Unknown
Linesman : Unknown

Game Notes

No Game Note

Finance

Level 1 -- Attendance: 1428 (71.40%) -- Ticket Income $57,120
Level 2 -- Attendance: 752 (75.20%) -- Ticket Income $15,040
Total Attendance: 2180 (72.67%)
Total Ticket Income: $72,160
Other Income: $3,608
Total Income: $75,768

Ice Dragons

5 vs 5 Forward 
   Center                   Left Wing                Right Wing               Time % Phy DF OF 
 1 Corban Knight            Billy Sweat              Brandon Kozun            40     1   2  2  
 2 Sam Carrick              Logan MacMillan          Justin Shugg             30     1   2  2  
 3 Emil Pettersson          William Carrier          Chris Wagner             20     1   2  2  
 4 Theodor Blueger          Phil Di Giuseppe         Juho Lammikko            10     1   2  2  

5 vs 5 Defense 
   Defense                  Defense                                           Time % Phy DF OF 
 1 Kevin Connauton          Zach Trotman                                      40     1   2  2  
 2 Luca Sbisa               Alex Plante                                       30     1   2  2  
 3 Jerome Gauthier-Leduc    Robin Norell                                      20     1   2  2  
 4 Kevin Connauton          Zach Trotman                                      10     1   2  2  

PowerPlay Forward 
   Center                   Left Wing                Right Wing               Time % Phy DF OF 
 1 Corban Knight            Billy Sweat              Brandon Kozun            60     1   2  2  
 2 Sam Carrick              Logan MacMillan          Justin Shugg             40     1   2  2  

PowerPlay Defense
   Defense                  Defense                                           Time % Phy DF OF 
 1 Kevin Connauton          Zach Trotman                                      60     1   2  2  
 2 Luca Sbisa               Alex Plante                                       40     1   2  2  

Penalty Kill 4 Players Forward 
   Center                   Wing                     Time % Phy DF OF 
 1 Corban Knight            Billy Sweat              60     1   2  2  
 2 Sam Carrick              Logan MacMillan          40     1   2  2  

Penalty Kill 4 Players Defense
   Defense                  Defense                  Time % Phy DF OF 
 1 Kevin Connauton          Zach Trotman             60     1   2  2  
 2 Luca Sbisa               Alex Plante              40     1   2  2  

Penalty Kill - 3 Players Forward 
   Forward                                           Time % Phy DF OF 
 1 Corban Knight                                     60     1   2  2  
 2 Billy Sweat                                       40     1   2  2  

Penalty Kill - 3 Players Defense
   Defense                  Defense                  Time % Phy DF OF 
 1 Kevin Connauton          Zach Trotman             60     1   2  2  
 2 Luca Sbisa               Alex Plante              40     1   2  2  

4 vs 4 Forward 
   Center                   Wing                     Time % Phy DF OF 
 1 Corban Knight            Billy Sweat              60     1   2  2  
 2 Sam Carrick              Logan MacMillan          40     1   2  2  

4 vs 4 Defense
   Defense                  Defense                  Time % Phy DF OF 
 1 Kevin Connauton          Zach Trotman             60     1   2  2  
 2 Luca Sbisa               Alex Plante              40     1   2  2  

Last Minutes Offensive
   Center                   Left Wing                Right Wing               Defense                  Defense                  
   Corban Knight            Billy Sweat              Brandon Kozun            Kevin Connauton          Zach Trotman             

Last Minutes Defensive
   Center                   Left Wing                Right Wing               Defense                  Defense                  
   Corban Knight            Billy Sweat              Brandon Kozun            Kevin Connauton          Zach Trotman             

Goaltenders
Starting : Chet Pickard             
Backup : Joacim Eriksson          

Extra Forwards
Normal : William Carrier, Phil Di Giuseppe, Emil Pettersson - PP : William Carrier, Phil Di Giuseppe - PK : Emil Pettersson
Extra Defensemen
Normal : Jerome Gauthier-Leduc, Robin Norell, Luca Sbisa - PP : Jerome Gauthier-Leduc - PK : Robin Norell, Luca Sbisa
Penalty Shots
Corban Knight, Billy Sweat, Sam Carrick, Logan MacMillan, Brandon Kozun

Scratches
Thomas Gobeil (Healthy), David Shields (Healthy), Jordan LaVallee (Strained Right Elbow Injury), Alex Henriksson (Healthy), Cole Ully (Healthy)
Mario Lucia (Healthy), Alex Lintuniemi (Healthy), Samuel Groulx (Back Spasms Injury), Oscar Dansk (Healthy)

Punishers

5 vs 5 Forward 
   Center                   Left Wing                Right Wing               Time % Phy DF OF 
 1 Elias Lindholm           Andreas Athanasiou       Austen Brassard          40     1   2  2  
 2 Radek Faksa              Tyler Bertuzzi           Corey Tropp              30     1   2  2  
 3 John Quenneville         Nikita Gusev             Carter Ashton            20     1   2  2  
 4 Zack Hamill              Anton Blidh              Alex Schoenborn          10     1   2  2  

5 vs 5 Defense 
   Defense                  Defense                                           Time % Phy DF OF 
 1 Madison Bowey            Samuel Morin                                      40     1   2  2  
 2 Brett Kulak              Adam Pelech                                       30     1   2  2  
 3 Fredrik Claesson         Noah Juulsen                                      20     1   2  2  
 4 Samuel Morin             Niko Mikkola                                      10     1   2  2  

PowerPlay Forward 
   Center                   Left Wing                Right Wing               Time % Phy DF OF 
 1 Zack Hamill              Elias Lindholm           Corey Tropp              60     1   2  2  
 2 Radek Faksa              Tyler Bertuzzi           Austen Brassard          40     1   2  2  

PowerPlay Defense
   Defense                  Defense                                           Time % Phy DF OF 
 1 Samuel Morin             Adam Pelech                                       60     1   2  2  
 2 Brett Kulak              Noah Juulsen                                      40     1   2  2  

Penalty Kill 4 Players Forward 
   Center                   Wing                     Time % Phy DF OF 
 1 Corey Tropp              Tyler Bertuzzi           60     1   2  2  
 2 Andreas Athanasiou       Carter Ashton            40     1   2  2  

Penalty Kill 4 Players Defense
   Defense                  Defense                  Time % Phy DF OF 
 1 Samuel Morin             Adam Pelech              60     1   2  2  
 2 Brett Kulak              Madison Bowey            40     1   2  2  

Penalty Kill - 3 Players Forward 
   Forward                                           Time % Phy DF OF 
 1 Tyler Bertuzzi                                    60     1   2  2  
 2 Corey Tropp                                       40     1   2  2  

Penalty Kill - 3 Players Defense
   Defense                  Defense                  Time % Phy DF OF 
 1 Samuel Morin             Adam Pelech              60     1   2  2  
 2 Brett Kulak              Madison Bowey            40     1   2  2  

4 vs 4 Forward 
   Center                   Wing                     Time % Phy DF OF 
 1 Elias Lindholm           Zack Hamill              60     1   2  2  
 2 Radek Faksa              Andreas Athanasiou       40     1   2  2  

4 vs 4 Defense
   Defense                  Defense                  Time % Phy DF OF 
 1 Madison Bowey            Adam Pelech              60     1   2  2  
 2 Brett Kulak              Noah Juulsen             40     1   2  2  

Last Minutes Offensive
   Center                   Left Wing                Right Wing               Defense                  Defense                  
   Zack Hamill              Andreas Athanasiou       Corey Tropp              Samuel Morin             Adam Pelech              

Last Minutes Defensive
   Center                   Left Wing                Right Wing               Defense                  Defense                  
   Zack Hamill              Tyler Bertuzzi           Corey Tropp              Madison Bowey            Samuel Morin             

Goaltenders
Starting : Louis Domingue           
Backup : Daniel Altshuller        

Extra Forwards
Normal : Radek Faksa, Andreas Athanasiou, Elias Lindholm - PP : Tyler Bertuzzi, Andreas Athanasiou - PK : Tyler Bertuzzi
Extra Defensemen
Normal : Noah Juulsen, Madison Bowey, Adam Pelech - PP : Fredrik Claesson - PK : Noah Juulsen, Madison Bowey
Penalty Shots
Zack Hamill, Elias Lindholm, Andreas Athanasiou, Radek Faksa, Tyler Bertuzzi

Scratches
Gabriel Gagne (Healthy), Austin Wagner (Healthy)

% Time on Ice - Ice Dragons

Lines # - Real PCT - Wanted PCT - Time Play
Normal Forward
1 - 34% - 40% - 17:29
2 - 25% - 30% - 13:16
3 - 22% - 20% - 11:24
4 - 19% - 10% - 9:55
Normal Defense
1 - 39% - 40% - 20:27
2 - 32% - 30% - 16:42
3 - 25% - 20% - 13:11
4 - 3% - 10% - 1:44
PP Forward
1 - 50% - 60% - 3:00
2 - 50% - 40% - 2:57
PP Defense
1 - 58% - 60% - 3:26
2 - 42% - 40% - 2:31
PK Forward
1 - 80% - 60% - 1:35
2 - 20% - 40% - 0:24
PK Defense
1 - 44% - 60% - 0:52
2 - 56% - 40% - 1:07
PK3 Forward
1 - 0% - 60%
2 - 0% - 40%
PK3 Defense
1 - 0% - 60%
2 - 0% - 40%
44 Forward
1 - 0% - 60%
2 - 0% - 40%
44 Defense
1 - 0% - 60%
2 - 0% - 40%
Last Minute Offensive  - 0:00
Last Minute Defensive  - 0:00
Total
Forward - 60:00
Defense - 60:00

% Time on Ice - Punishers

Lines # - Real PCT - Wanted PCT - Time Play
Normal Forward
1 - 36% - 40% - 18:37
2 - 24% - 30% - 12:38
3 - 23% - 20% - 11:56
4 - 17% - 10% - 8:53
Normal Defense
1 - 38% - 40% - 19:54
2 - 32% - 30% - 16:51
3 - 22% - 20% - 11:26
4 - 7% - 10% - 3:53
PP Forward
1 - 51% - 60% - 1:01
2 - 49% - 40% - 0:58
PP Defense
1 - 50% - 60% - 1:00
2 - 50% - 40% - 0:59
PK Forward
1 - 73% - 60% - 4:19
2 - 27% - 40% - 1:38
PK Defense
1 - 65% - 60% - 3:53
2 - 35% - 40% - 2:04
PK3 Forward
1 - 0% - 60%
2 - 0% - 40%
PK3 Defense
1 - 0% - 60%
2 - 0% - 40%
44 Forward
1 - 0% - 60%
2 - 0% - 40%
44 Defense
1 - 0% - 60%
2 - 0% - 40%
Last Minute Offensive  - 0:00
Last Minute Defensive  - 0:00
Total
Forward - 60:00
Defense - 60:00

Play-by-Play

1st period


0:01 of 1st period - Brandon Kozun wins face-off versus Elias Lindholm in neutral zone.
0:06 of 1st period - Snap shot by Billy Sweat.
0:06 of 1st period - Shot Misses the Net.
0:47 of 1st period - Snap shot by Emil Pettersson.
0:47 of 1st period - Stopped by Louis Domingue without a rebound.
0:48 of 1st period - John Quenneville wins face-off versus Emil Pettersson in Punishers zone.
1:18 of 1st period - Off-side.
1:19 of 1st period - Andreas Athanasiou wins face-off versus Corban Knight in neutral zone.
1:22 of 1st period - Wrist shot by Elias Lindholm.
1:22 of 1st period - Shot Blocked by Jerome Gauthier-Leduc.
1:26 of 1st period - Snap shot by Andreas Athanasiou.
1:26 of 1st period - Stopped by Chet Pickard with a rebound.
1:28 of 1st period - Slapshot by Andreas Athanasiou.
1:28 of 1st period - Stopped by Chet Pickard without a rebound.
1:29 of 1st period - Corban Knight wins face-off versus Elias Lindholm in Ice Dragons zone.
2:13 of 1st period - Wrist shot by Corban Knight.
2:13 of 1st period - Stopped by Louis Domingue without a rebound.
2:14 of 1st period - Radek Faksa wins face-off versus Sam Carrick in Punishers zone.
2:25 of 1st period - Slapshot by Corey Tropp.
2:25 of 1st period - Stopped by Chet Pickard with a rebound.
2:48 of 1st period - Snap shot by Zack Hamill.
2:48 of 1st period - Shot Misses the Net.
2:56 of 1st period - Zack Hamill is hit by William Carrier and loses puck.
3:28 of 1st period - Wrist shot by Radek Faksa.
3:28 of 1st period - Deflect By Corey Tropp.
3:28 of 1st period - Stopped by Chet Pickard with a rebound.
3:34 of 1st period - Snap shot by Radek Faksa.
3:34 of 1st period - Stopped by Chet Pickard with a rebound.
3:36 of 1st period - Slapshot by Samuel Morin.
3:36 of 1st period - Shot Blocked by Luca Sbisa.
3:38 of 1st period - Slapshot by Samuel Morin.
3:38 of 1st period - Stopped by Chet Pickard without a rebound.
3:39 of 1st period - Corban Knight wins face-off versus Elias Lindholm in Ice Dragons zone.
5:13 of 1st period - Andreas Athanasiou is hit by Brandon Kozun and loses puck.
5:39 of 1st period - Slapshot by Radek Faksa.
5:39 of 1st period - Stopped by Chet Pickard with a rebound.
5:53 of 1st period - Wrist shot by Sam Carrick.
5:53 of 1st period - Shot Blocked by Samuel Morin.
5:55 of 1st period - Slapshot by Kevin Connauton.
5:55 of 1st period - Stopped by Louis Domingue with a rebound.
5:59 of 1st period - Snap shot by Logan MacMillan.
5:59 of 1st period - Shot Misses the Net.
6:29 of 1st period - Elias Lindholm is hit by Brandon Kozun.
6:43 of 1st period - Icing by Brett Kulak.
6:44 of 1st period - Elias Lindholm wins face-off versus Emil Pettersson in Punishers zone.
7:20 of 1st period - Snap shot by Emil Pettersson.
7:20 of 1st period - Shot Misses the Net.
7:22 of 1st period - Slapshot by Luca Sbisa.
7:22 of 1st period - Shot Blocked by Austen Brassard.
7:24 of 1st period - Slapshot by Chris Wagner.
7:24 of 1st period - Stopped by Louis Domingue without a rebound.
7:25 of 1st period - Brandon Kozun wins face-off versus John Quenneville in Punishers zone.
7:40 of 1st period - Slapshot by Samuel Morin.
7:40 of 1st period - Stopped by Chet Pickard without a rebound.
7:41 of 1st period - Elias Lindholm wins face-off versus Sam Carrick in Ice Dragons zone.
7:42 of 1st period - Slapshot by Andreas Athanasiou.
7:42 of 1st period - Shot Misses the Net.
7:49 of 1st period - Off-side.
7:50 of 1st period - Sam Carrick wins face-off versus Elias Lindholm in neutral zone.
7:53 of 1st period - Snap shot by Zach Trotman.
7:53 of 1st period - Stopped by Louis Domingue without a rebound.
7:54 of 1st period - Radek Faksa wins face-off versus Corban Knight in Punishers zone.
8:19 of 1st period - Logan MacMillan is hit by Samuel Morin and loses puck.
8:48 of 1st period - Wrist shot by Phil Di Giuseppe.
8:48 of 1st period - Shot Misses the Net.
9:18 of 1st period - Minor Penalty to Anton Blidh for Interference.
9:19 of 1st period - Corban Knight wins face-off versus Corey Tropp in Punishers zone.
9:24 of 1st period - Wrist shot by Corban Knight.
9:24 of 1st period - Stopped by Louis Domingue with a rebound.
11:09 of 1st period - Samuel Morin is hit by Alex Plante and loses puck.
11:18 of 1st period - Penalty to Anton Blidh is over, Anton Blidh is back on ice.
11:32 of 1st period - William Carrier is hit by Samuel Morin and loses puck.
11:37 of 1st period - Wrist shot by Nikita Gusev.
11:37 of 1st period - Shot Misses the Net.
11:39 of 1st period - Slapshot by Samuel Morin.
11:39 of 1st period - Stopped by Chet Pickard without a rebound.
11:40 of 1st period - Theodor Blueger wins face-off versus Elias Lindholm in Ice Dragons zone.
12:21 of 1st period - Fredrik Claesson is hit by Juho Lammikko and loses puck.
12:26 of 1st period - Slapshot by Luca Sbisa.
12:26 of 1st period - Shot Blocked by Noah Juulsen.
12:37 of 1st period - Zack Hamill is hit by Luca Sbisa and loses puck.
12:48 of 1st period - Slapshot by Zack Hamill.
12:48 of 1st period - Shot Misses the Net.
12:50 of 1st period - Snap shot by Samuel Morin.
12:50 of 1st period - Shot Misses the Net.
12:52 of 1st period - Wrist shot by Zack Hamill.
12:52 of 1st period - Shot Misses the Net.
12:54 of 1st period - Snap shot by Alex Schoenborn.
12:54 of 1st period - Stopped by Chet Pickard without a rebound.
12:55 of 1st period - Elias Lindholm wins face-off versus Corban Knight in Ice Dragons zone.
13:00 of 1st period - Snap shot by Adam Pelech.
13:00 of 1st period - Shot Blocked by Kevin Connauton.
13:31 of 1st period - Slapshot by Zach Trotman.
13:31 of 1st period - Shot Misses the Net.
13:41 of 1st period - William Carrier is hit by Carter Ashton and loses puck.
15:10 of 1st period - Kevin Connauton is hit by Andreas Athanasiou and loses puck.
15:19 of 1st period - Slapshot by Andreas Athanasiou.
15:19 of 1st period - Shot Blocked by Zach Trotman.
15:31 of 1st period - Brandon Kozun is hit by Samuel Morin and loses puck.
15:38 of 1st period - Wrist shot by Radek Faksa.
15:38 of 1st period - Shot Misses the Net.
15:40 of 1st period - Snap shot by Tyler Bertuzzi.
15:40 of 1st period - Shot Misses the Net.
15:42 of 1st period - Wrist shot by Radek Faksa.
15:42 of 1st period - Shot Misses the Net.
15:44 of 1st period - Snap shot by Tyler Bertuzzi.
15:44 of 1st period - Deflect By Billy Sweat.
15:44 of 1st period - Shot Misses the Net.
15:44 of 1st period - Puck is out of play.
15:45 of 1st period - Sam Carrick wins face-off versus John Quenneville in Ice Dragons zone.
15:54 of 1st period - Snap shot by Sam Carrick.
15:54 of 1st period - Shot Misses the Net.
15:56 of 1st period - Wrist shot by Justin Shugg.
15:56 of 1st period - Deflect By Sam Carrick.
15:56 of 1st period - Stopped by Louis Domingue with a rebound.
15:58 of 1st period - Snap shot by Logan MacMillan.
15:58 of 1st period - Shot Blocked by John Quenneville.
16:00 of 1st period - Slapshot by Logan MacMillan.
16:00 of 1st period - Shot Blocked by Fredrik Claesson.
16:16 of 1st period - Wrist shot by Andreas Athanasiou.
16:16 of 1st period - Stopped by Chet Pickard with a rebound.
16:18 of 1st period - Slapshot by Fredrik Claesson.
16:18 of 1st period - Shot Blocked by Emil Pettersson.
16:42 of 1st period - Snap shot by Brandon Kozun.
16:42 of 1st period - Goal by Brandon Kozun - Ice Dragons : 1 - Punishers : 0.
16:43 of 1st period - Elias Lindholm wins face-off versus Brandon Kozun in neutral zone.
16:52 of 1st period - Snap shot by Andreas Athanasiou.
16:52 of 1st period - Shot Misses the Net.
16:58 of 1st period - Snap shot by Corban Knight.
16:58 of 1st period - Shot Misses the Net.
17:50 of 1st period - Slapshot by Samuel Morin.
17:50 of 1st period - Shot Misses the Net.
17:56 of 1st period - Slapshot by Anton Blidh.
17:56 of 1st period - Shot Misses the Net.
17:58 of 1st period - Wrist shot by Samuel Morin.
17:58 of 1st period - Shot Misses the Net.
18:33 of 1st period - Snap shot by Tyler Bertuzzi.
18:33 of 1st period - Stopped by Chet Pickard with a rebound.
18:35 of 1st period - Wrist shot by Fredrik Claesson.
18:35 of 1st period - Deflect By Robin Norell.
18:35 of 1st period - Stopped by Chet Pickard with a rebound.
18:39 of 1st period - Wrist shot by Corey Tropp.
18:39 of 1st period - Goal by Corey Tropp - Ice Dragons : 1 - Punishers : 1.
18:40 of 1st period - Elias Lindholm wins face-off versus Corban Knight in neutral zone.
18:51 of 1st period - Slapshot by Brandon Kozun.
18:51 of 1st period - Deflect By Billy Sweat.
18:51 of 1st period - Shot Hit the Post.
18:51 of 1st period - Puck is out of play.
18:52 of 1st period - Corban Knight wins face-off versus Elias Lindholm in Punishers zone.
18:57 of 1st period - Backhand shot by Corban Knight.
18:57 of 1st period - Shot Misses the Net.
18:59 of 1st period - Snap shot by Brandon Kozun.
18:59 of 1st period - Stopped by Louis Domingue with a rebound.
19:01 of 1st period - Snap shot by Billy Sweat.
19:01 of 1st period - Stopped by Louis Domingue with a rebound.
19:03 of 1st period - Snap shot by Brandon Kozun.
19:03 of 1st period - Stopped by Louis Domingue with a rebound.
19:05 of 1st period - Snap shot by Zach Trotman.
19:05 of 1st period - Stopped by Louis Domingue with a rebound.
19:07 of 1st period - Wrist shot by Brandon Kozun.
19:07 of 1st period - Shot Blocked by Madison Bowey.
19:13 of 1st period - Minor Penalty to Austen Brassard for Holding.
19:14 of 1st period - Corban Knight wins face-off versus Corey Tropp in Punishers zone.
19:46 of 1st period - Slapshot by Sam Carrick.
19:46 of 1st period - Shot Misses the Net.
Goals for this period are 1 for Ice Dragons vs 1 for Punishers.
Shots for this period are 12 for Ice Dragons vs 14 for Punishers.

2nd period


0:01 of 2nd period - Corey Tropp wins face-off versus Corban Knight in neutral zone.
1:13 of 2nd period - Penalty to Austen Brassard is over, Austen Brassard is back on ice.
2:00 of 2nd period - Carter Ashton is hit by Billy Sweat and loses puck.
2:27 of 2nd period - Wrist shot by Andreas Athanasiou.
2:27 of 2nd period - Shot Misses the Net.
2:29 of 2nd period - Snap shot by Andreas Athanasiou.
2:29 of 2nd period - Shot Blocked by Sam Carrick.
3:08 of 2nd period - Samuel Morin is hit by Billy Sweat and loses puck.
3:45 of 2nd period - Chris Wagner is hit by Austen Brassard and loses puck.
4:14 of 2nd period - Billy Sweat is hit by Radek Faksa and loses puck.
4:35 of 2nd period - Snap shot by Sam Carrick.
4:35 of 2nd period - Deflect By Adam Pelech.
4:35 of 2nd period - Stopped by Louis Domingue with a rebound.
5:51 of 2nd period - Slapshot by Nikita Gusev.
5:51 of 2nd period - Deflect By Carter Ashton.
5:51 of 2nd period - Shot Misses the Net.
5:51 of 2nd period - Puck is out of play.
5:52 of 2nd period - Corban Knight wins face-off versus John Quenneville in Ice Dragons zone.
5:52 of 2nd period - Corban Knight is hit by Fredrik Claesson.
6:20 of 2nd period - Slapshot by Austen Brassard.
6:20 of 2nd period - Goal by Austen Brassard - Ice Dragons : 1 - Punishers : 2.
6:21 of 2nd period - Corban Knight wins face-off versus Austen Brassard in neutral zone.
6:26 of 2nd period - Snap shot by Corban Knight.
6:26 of 2nd period - Stopped by Louis Domingue with a rebound.
7:26 of 2nd period - Carter Ashton is hit by Alex Plante and loses puck.
7:55 of 2nd period - Wrist shot by Nikita Gusev.
7:55 of 2nd period - Stopped by Chet Pickard without a rebound.
7:56 of 2nd period - Corban Knight wins face-off versus Elias Lindholm in Ice Dragons zone.
8:01 of 2nd period - Noah Juulsen is hit by Billy Sweat and loses puck.
8:10 of 2nd period - Corban Knight is hit by Andreas Athanasiou and loses puck.
8:24 of 2nd period - Off-side.
8:25 of 2nd period - Radek Faksa wins face-off versus Sam Carrick in neutral zone.
8:32 of 2nd period - Slapshot by Corey Tropp.
8:32 of 2nd period - Stopped by Chet Pickard with a rebound.
8:34 of 2nd period - Snap shot by Tyler Bertuzzi.
8:34 of 2nd period - Shot Misses the Net.
8:36 of 2nd period - Snap shot by Tyler Bertuzzi.
8:36 of 2nd period - Stopped by Chet Pickard without a rebound.
8:37 of 2nd period - Corban Knight wins face-off versus Elias Lindholm in Ice Dragons zone.
8:42 of 2nd period - Samuel Morin is hit by Kevin Connauton and loses puck.
9:00 of 2nd period - Icing by Brandon Kozun.
9:01 of 2nd period - Sam Carrick wins face-off versus Radek Faksa in Ice Dragons zone.
9:01 of 2nd period - Sam Carrick is hit by Radek Faksa.
9:06 of 2nd period - Off-side.
9:07 of 2nd period - Radek Faksa wins face-off versus Sam Carrick in neutral zone.
9:56 of 2nd period - Icing by Sam Carrick.
9:57 of 2nd period - Elias Lindholm wins face-off versus Sam Carrick in Ice Dragons zone.
9:58 of 2nd period - Wrist shot by Andreas Athanasiou.
9:58 of 2nd period - Shot Blocked by Luca Sbisa.
10:00 of 2nd period - Slapshot by Madison Bowey.
10:00 of 2nd period - Stopped by Chet Pickard with a rebound.
10:02 of 2nd period - Snap shot by Samuel Morin.
10:02 of 2nd period - Stopped by Chet Pickard without a rebound.
10:03 of 2nd period - Corban Knight wins face-off versus Elias Lindholm in Ice Dragons zone.
10:10 of 2nd period - Snap shot by Kevin Connauton.
10:10 of 2nd period - Stopped by Louis Domingue with a rebound.
10:12 of 2nd period - Slapshot by Zach Trotman.
10:12 of 2nd period - Stopped by Louis Domingue with a rebound.
10:14 of 2nd period - Slapshot by Kevin Connauton.
10:14 of 2nd period - Stopped by Louis Domingue with a rebound.
10:16 of 2nd period - Slapshot by Zach Trotman.
10:16 of 2nd period - Shot Blocked by Andreas Athanasiou.
10:18 of 2nd period - Wrist shot by Corban Knight.
10:18 of 2nd period - Stopped by Louis Domingue with a rebound.
10:54 of 2nd period - Slapshot by Madison Bowey.
10:54 of 2nd period - Shot Blocked by Alex Plante.
11:02 of 2nd period - Wrist shot by Anton Blidh.
11:02 of 2nd period - Stopped by Chet Pickard without a rebound.
11:03 of 2nd period - Elias Lindholm wins face-off versus Corban Knight in Ice Dragons zone.
11:08 of 2nd period - Snap shot by Elias Lindholm.
11:08 of 2nd period - Stopped by Chet Pickard without a rebound.
11:09 of 2nd period - Corban Knight wins face-off versus Elias Lindholm in Ice Dragons zone.
11:30 of 2nd period - Minor Penalty to Austen Brassard for Hooking.
11:31 of 2nd period - Corey Tropp wins face-off versus Corban Knight in Punishers zone.
11:58 of 2nd period - Kevin Connauton is hit by Carter Ashton and loses puck.
12:05 of 2nd period - Slapshot by Zach Trotman.
12:05 of 2nd period - Deflect By Andreas Athanasiou.
12:05 of 2nd period - Stopped by Louis Domingue without a rebound.
12:06 of 2nd period - Sam Carrick wins face-off versus Corey Tropp in Punishers zone.
12:07 of 2nd period - Wrist shot by Luca Sbisa.
12:07 of 2nd period - Shot Blocked by Corey Tropp.
13:04 of 2nd period - Adam Pelech is hit by Brandon Kozun and loses puck.
13:21 of 2nd period - Logan MacMillan is hit by Andreas Athanasiou and loses puck.
13:30 of 2nd period - Penalty to Austen Brassard is over, Austen Brassard is back on ice.
15:42 of 2nd period - Snap shot by John Quenneville.
15:42 of 2nd period - Stopped by Chet Pickard with a rebound.
15:44 of 2nd period - Snap shot by Carter Ashton.
15:44 of 2nd period - Stopped by Chet Pickard with a rebound.
15:46 of 2nd period - Slapshot by Nikita Gusev.
15:46 of 2nd period - Shot Misses the Net.
17:15 of 2nd period - Wrist shot by Theodor Blueger.
17:15 of 2nd period - Shot Blocked by Noah Juulsen.
17:17 of 2nd period - Slapshot by Theodor Blueger.
17:17 of 2nd period - Shot Misses the Net.
17:39 of 2nd period - Wrist shot by Radek Faksa.
17:39 of 2nd period - Shot Blocked by Alex Plante.
17:51 of 2nd period - Slapshot by Sam Carrick.
17:51 of 2nd period - Stopped by Louis Domingue with a rebound.
18:43 of 2nd period - Snap shot by Logan MacMillan.
18:43 of 2nd period - Shot Hit the Post.
18:45 of 2nd period - Wrist shot by Sam Carrick.
18:45 of 2nd period - Shot Blocked by Alex Schoenborn.
18:55 of 2nd period - Chris Wagner is hit by Brett Kulak.
19:13 of 2nd period - Tyler Bertuzzi is hit by Billy Sweat and loses puck.
19:22 of 2nd period - Wrist shot by Brandon Kozun.
19:22 of 2nd period - Shot Misses the Net.
19:56 of 2nd period - Wrist shot by Logan MacMillan.
19:56 of 2nd period - Stopped by Louis Domingue without a rebound.
19:57 of 2nd period - Sam Carrick wins face-off versus Elias Lindholm in Punishers zone.
19:58 of 2nd period - Slapshot by Logan MacMillan.
19:58 of 2nd period - Stopped by Louis Domingue with a rebound.
Goals for this period are 0 for Ice Dragons vs 1 for Punishers.
Shots for this period are 10 for Ice Dragons vs 10 for Punishers.

3rd period


0:01 of 3rd period - Elias Lindholm wins face-off versus Corban Knight in neutral zone.
0:15 of 3rd period - Elias Lindholm is hit by Corban Knight and loses puck.
0:26 of 3rd period - Zach Trotman is hit by Corey Tropp and loses puck.
1:09 of 3rd period - Robin Norell is hit by Anton Blidh.
1:28 of 3rd period - Off-side.
1:29 of 3rd period - Tyler Bertuzzi wins face-off versus Corban Knight in neutral zone.
1:32 of 3rd period - Slapshot by Madison Bowey.
1:32 of 3rd period - Shot Blocked by Brandon Kozun.
1:34 of 3rd period - Snap shot by Corey Tropp.
1:34 of 3rd period - Shot Blocked by Corban Knight.
1:36 of 3rd period - Snap shot by Samuel Morin.
1:36 of 3rd period - Shot Blocked by Zach Trotman.
1:56 of 3rd period - Nikita Gusev is hit by Kevin Connauton and loses puck.
2:08 of 3rd period - Icing by Zach Trotman.
2:09 of 3rd period - Sam Carrick wins face-off versus Elias Lindholm in Ice Dragons zone.
2:40 of 3rd period - Snap shot by Zach Trotman.
2:40 of 3rd period - Shot Blocked by Radek Faksa.
2:42 of 3rd period - Slapshot by Billy Sweat.
2:42 of 3rd period - Shot Blocked by Adam Pelech.
2:44 of 3rd period - Slapshot by Kevin Connauton.
2:44 of 3rd period - Shot Blocked by Adam Pelech.
2:54 of 3rd period - Snap shot by Brett Kulak.
2:54 of 3rd period - Stopped by Chet Pickard with a rebound.
2:56 of 3rd period - Snap shot by Brett Kulak.
2:56 of 3rd period - Stopped by Chet Pickard with a rebound.
3:14 of 3rd period - Anton Blidh is hit by Alex Plante.
3:38 of 3rd period - Snap shot by Sam Carrick.
3:38 of 3rd period - Shot Misses the Net.
3:40 of 3rd period - Slapshot by Robin Norell.
3:40 of 3rd period - Shot Blocked by Fredrik Claesson.
3:42 of 3rd period - Slapshot by Robin Norell.
3:42 of 3rd period - Shot Misses the Net.
3:44 of 3rd period - Wrist shot by Justin Shugg.
3:44 of 3rd period - Stopped by Louis Domingue with a rebound.
4:02 of 3rd period - Wrist shot by Tyler Bertuzzi.
4:02 of 3rd period - Stopped by Chet Pickard without a rebound.
4:03 of 3rd period - Corban Knight wins face-off versus Radek Faksa in Ice Dragons zone.
4:51 of 3rd period - Slapshot by Samuel Morin.
4:51 of 3rd period - Deflect By Elias Lindholm.
4:51 of 3rd period - Shot Misses the Net.
4:51 of 3rd period - Puck is out of play.
4:52 of 3rd period - Corban Knight wins face-off versus Elias Lindholm in Ice Dragons zone.
5:09 of 3rd period - Wrist shot by Andreas Athanasiou.
5:09 of 3rd period - Stopped by Chet Pickard without a rebound.
5:10 of 3rd period - Sam Carrick wins face-off versus Radek Faksa in Ice Dragons zone.
5:19 of 3rd period - Wrist shot by Logan MacMillan.
5:19 of 3rd period - Shot Blocked by Corey Tropp.
5:21 of 3rd period - Slapshot by Zach Trotman.
5:21 of 3rd period - Stopped by Louis Domingue without a rebound.
5:22 of 3rd period - Corban Knight wins face-off versus Elias Lindholm in Punishers zone.
5:29 of 3rd period - Snap shot by Elias Lindholm.
5:29 of 3rd period - Shot Misses the Net.
5:31 of 3rd period - Snap shot by Andreas Athanasiou.
5:31 of 3rd period - Stopped by Chet Pickard without a rebound.
5:32 of 3rd period - Elias Lindholm wins face-off versus Corban Knight in Ice Dragons zone.
5:43 of 3rd period - Wrist shot by Corban Knight.
5:43 of 3rd period - Deflect By Brandon Kozun.
5:43 of 3rd period - Stopped by Louis Domingue with a rebound.
6:17 of 3rd period - Snap shot by Samuel Morin.
6:17 of 3rd period - Shot Blocked by Brandon Kozun.
6:19 of 3rd period - Slapshot by Madison Bowey.
6:19 of 3rd period - Shot Misses the Net.
6:21 of 3rd period - Backhand shot by Samuel Morin.
6:21 of 3rd period - Shot Blocked by Zach Trotman.
6:23 of 3rd period - Slapshot by Madison Bowey.
6:23 of 3rd period - Shot Misses the Net.
6:25 of 3rd period - Snap shot by Austen Brassard.
6:25 of 3rd period - Stopped by Chet Pickard with a rebound.
6:27 of 3rd period - Snap shot by Andreas Athanasiou.
6:27 of 3rd period - Deflect By Elias Lindholm.
6:27 of 3rd period - Stopped by Chet Pickard with a rebound.
6:29 of 3rd period - Slapshot by Samuel Morin.
6:29 of 3rd period - Stopped by Chet Pickard with a rebound.
6:31 of 3rd period - Slapshot by Samuel Morin.
6:31 of 3rd period - Shot Blocked by Brandon Kozun.
6:33 of 3rd period - Slapshot by Samuel Morin.
6:33 of 3rd period - Shot Blocked by Zach Trotman.
6:35 of 3rd period - Snap shot by Austen Brassard.
6:35 of 3rd period - Stopped by Chet Pickard without a rebound.
6:36 of 3rd period - Radek Faksa wins face-off versus Sam Carrick in Ice Dragons zone.
6:42 of 3rd period - Minor Penalty to Sam Carrick for Tripping.
6:43 of 3rd period - Corban Knight wins face-off versus Zack Hamill in Ice Dragons zone.
8:42 of 3rd period - Penalty to Sam Carrick is over, Sam Carrick is back on ice.
9:08 of 3rd period - Snap shot by Juho Lammikko.
9:08 of 3rd period - Stopped by Louis Domingue with a rebound.
11:02 of 3rd period - Wrist shot by Theodor Blueger.
11:02 of 3rd period - Stopped by Louis Domingue without a rebound.
11:03 of 3rd period - John Quenneville wins face-off versus Theodor Blueger in Punishers zone.
11:03 of 3rd period - John Quenneville is hit by Zach Trotman.
11:27 of 3rd period - Madison Bowey is hit by Brandon Kozun and loses puck.
11:34 of 3rd period - Snap shot by Corban Knight.
11:34 of 3rd period - Stopped by Louis Domingue without a rebound.
11:35 of 3rd period - Elias Lindholm wins face-off versus Corban Knight in Punishers zone.
11:40 of 3rd period - Slapshot by Adam Pelech.
11:40 of 3rd period - Stopped by Chet Pickard without a rebound.
11:41 of 3rd period - Elias Lindholm wins face-off versus Corban Knight in Ice Dragons zone.
11:42 of 3rd period - Slapshot by Adam Pelech.
11:42 of 3rd period - Deflect By Austen Brassard.
11:42 of 3rd period - Shot Misses the Net.
11:42 of 3rd period - Puck is out of play.
11:43 of 3rd period - Corban Knight wins face-off versus Elias Lindholm in Ice Dragons zone.
12:07 of 3rd period - Snap shot by Elias Lindholm.
12:07 of 3rd period - Stopped by Chet Pickard with a rebound.
12:30 of 3rd period - Snap shot by Andreas Athanasiou.
12:30 of 3rd period - Stopped by Chet Pickard with a rebound.
12:32 of 3rd period - Wrist shot by Andreas Athanasiou.
12:32 of 3rd period - Stopped by Chet Pickard with a rebound.
12:34 of 3rd period - Wrist shot by Austen Brassard.
12:34 of 3rd period - Goal by Austen Brassard - Ice Dragons : 1 - Punishers : 3.
12:35 of 3rd period - Sam Carrick wins face-off versus Radek Faksa in neutral zone.
13:47 of 3rd period - Off-side.
13:48 of 3rd period - Corban Knight wins face-off versus Elias Lindholm in neutral zone.
13:59 of 3rd period - Backhand shot by Billy Sweat.
13:59 of 3rd period - Shot Blocked by Austen Brassard.
14:17 of 3rd period - Snap shot by Andreas Athanasiou.
14:17 of 3rd period - Shot Blocked by Robin Norell.
14:19 of 3rd period - Slapshot by Madison Bowey.
14:19 of 3rd period - Shot Misses the Net.
14:37 of 3rd period - Wrist shot by Sam Carrick.
14:37 of 3rd period - Shot Misses the Net.
15:01 of 3rd period - Snap shot by Andreas Athanasiou.
15:01 of 3rd period - Stopped by Chet Pickard with a rebound.
15:23 of 3rd period - Wrist shot by Sam Carrick.
15:23 of 3rd period - Stopped by Louis Domingue with a rebound.
15:25 of 3rd period - Slapshot by Justin Shugg.
15:25 of 3rd period - Stopped by Louis Domingue without a rebound.
15:26 of 3rd period - Radek Faksa wins face-off versus Emil Pettersson in Punishers zone.
15:26 of 3rd period - Radek Faksa is hit by Emil Pettersson.
15:54 of 3rd period - Icing by Madison Bowey.
15:55 of 3rd period - Radek Faksa wins face-off versus Corban Knight in Punishers zone.
16:01 of 3rd period - Off-side.
16:02 of 3rd period - John Quenneville wins face-off versus Emil Pettersson in neutral zone.
16:12 of 3rd period - William Carrier is hit by Nikita Gusev and loses puck.
16:36 of 3rd period - Snap shot by Corban Knight.
16:36 of 3rd period - Shot Blocked by Brett Kulak.
16:55 of 3rd period - Wrist shot by Anton Blidh.
16:55 of 3rd period - Shot Blocked by Zach Trotman.
17:05 of 3rd period - Anton Blidh is hit by Juho Lammikko and loses puck.
17:30 of 3rd period - Wrist shot by Alex Schoenborn.
17:30 of 3rd period - Shot Blocked by Kevin Connauton.
17:32 of 3rd period - Slapshot by Noah Juulsen.
17:32 of 3rd period - Stopped by Chet Pickard with a rebound.
17:34 of 3rd period - Slapshot by Fredrik Claesson.
17:34 of 3rd period - Shot Blocked by Chris Wagner.
17:36 of 3rd period - Snap shot by Zack Hamill.
17:36 of 3rd period - Stopped by Chet Pickard without a rebound.
17:37 of 3rd period - Elias Lindholm wins face-off versus Corban Knight in Ice Dragons zone.
17:52 of 3rd period - Slapshot by Elias Lindholm.
17:52 of 3rd period - Stopped by Chet Pickard with a rebound.
18:21 of 3rd period - Icing by Alex Plante.
18:22 of 3rd period - Sam Carrick wins face-off versus Radek Faksa in Ice Dragons zone.
18:31 of 3rd period - Wrist shot by William Carrier.
18:31 of 3rd period - Shot Blocked by Corey Tropp.
18:33 of 3rd period - Backhand shot by Luca Sbisa.
18:33 of 3rd period - Deflect By Madison Bowey.
18:33 of 3rd period - Stopped by Louis Domingue without a rebound.
18:34 of 3rd period - Emil Pettersson wins face-off versus Carter Ashton in Punishers zone.
18:39 of 3rd period - Snap shot by William Carrier.
18:39 of 3rd period - Shot Misses the Net.
18:43 of 3rd period - Snap shot by Chris Wagner.
18:43 of 3rd period - Stopped by Louis Domingue with a rebound.
18:47 of 3rd period - Slapshot by Chris Wagner.
18:47 of 3rd period - Stopped by Louis Domingue with a rebound.
18:49 of 3rd period - Wrist shot by William Carrier.
18:49 of 3rd period - Stopped by Louis Domingue without a rebound.
18:50 of 3rd period - Andreas Athanasiou wins face-off versus Corban Knight in Punishers zone.
19:39 of 3rd period - Andreas Athanasiou is hit by Corban Knight and loses puck.
19:46 of 3rd period - Billy Sweat is hit by Austen Brassard and loses puck.
Goals for this period are 0 for Ice Dragons vs 1 for Punishers.
Shots for this period are 12 for Ice Dragons vs 18 for Punishers.